 Dungeon Sprint DCSS version 0.28.0-53-g5a82cb258f (webtiles) character file.

Game seed: 9536077575257480901

656 Zeld the Cleaver (level 7, -1/111 HPs)
             Began as a Minotaur Berserker on June 13, 2022.
             Was an Elder of Trog.
             Killed by vampiric draining
             ... invoked by a vampire
              (13 damage)
             ... in the Dungeon (Sprint IX: "|||||||||||||||||||||||||||||").
             The game lasted 00:00:17 (452 turns).

Zeld the Cleaver (Minotaur Berserker)                Turns: 452, Time: 00:00:17

Health: -1/111     AC:  2    Str: 24    XL:     7   Next: 29%
Magic:  6/6        EV: 14    Int:  4    God:    Trog [****..]
Gold:   0          SH:  0    Dex:  9    Spells: 6/6 levels left

rFire   . . .      SeeInvis .   a - +0 hand axe
rCold   . . .      Faith    .   (no shield)
rNeg    . . .      Spirit   .   b - +0 animal skin
rPois   .          Reflect  .   (helmet restricted)
rElec   .          Harm     .   (no cloak)
rCorr   .          Rampage  .   (no gloves)
Will    .....      NoTele   +   (no boots)
Stlth   ..........              (no amulet)
HPRegen 0.28/turn               (no ring)
MPRegen 0.10/turn               (no ring)

@: berserking, very quick
A: horns 2, retaliatory headbutt
a: Renounce Religion, Berserk, Trog's Hand, Brothers in Arms


You were in the Dungeon.
You worshipped Trog.
Trog was greatly pleased with you.
You visited 1 branch

Inventory:

Hand Weapons
 a - a +0 hand axe (weapon)
Armour
 b - a +0 animal skin (worn)
Jewellery
 k - a +3 ring of dexterity
 l - a +2 ring of protection
Wands
 j - a wand of iceblast (10)
Scrolls
 h - 2 scrolls of blinking
Potions
 c - 5 potions of curing
 d - 3 potions of heal wounds
 e - a potion of haste
 f - 4 potions of magic
 g - a potion of berserk rage
 i - a potion of invisibility


   Skills:
 * Level 11.5 Fighting
 * Level 11.7 Axes
 + Level 8.1 Armour
 + Level 7.4 Dodging


You had 6 spell levels left.
You didn't know any spells.
Your spell library was empty.

Dungeon Overview and Level Annotations

Branches:
Dungeon (1/1)

Altars:
Cheibriados
Dithmenos
Elyvilon
Fedhas
Gozag
Hepliaklqana
Kikubaaqudgha
Makhleb
Nemelex Xobeh
Okawaru
Qazlal
Ru
Sif Muna
Trog
Uskayaw
Vehumet
Wu Jian
Xom
Yredelemnul
Zin
The Shining One
Beogh
Jiyva
Lugonu


Innate Abilities, Weirdness & Mutations

You have a pair of horns on your head.
You reflexively headbutt those who attack you in melee.


Message History

You hit the two-headed ogre.
Your headbutt misses the two-headed ogre.
The two-headed ogre is lightly wounded.
You hit the two-headed ogre. You headbutt the two-headed ogre!
The two-headed ogre is moderately wounded.
You hit the two-headed ogre.
The two-headed ogre is moderately wounded.
The two-headed ogre hits you with a +0 giant spiked club!!
The two-headed ogre hits you with a +0 giant club!!
* * * LOW HITPOINT WARNING * * *
You slash the two-headed ogre!
The two-headed ogre is heavily wounded.
You slash the two-headed ogre! You headbutt the two-headed ogre.
The two-headed ogre is almost dead.
The two-headed ogre barely misses you. You furiously retaliate!
You headbutt the two-headed ogre!
You kill the two-headed ogre!
Trog accepts your kill.
You can now call in reinforcements.
Your Fighting skill gained 5 levels and is now at level 11!
Your Axes skill gained 5 levels and is now at level 11!
Your Armour skill gained 4 levels and is now at level 8!
Your Dodging skill gained 3 levels and is now at level 7!
You have reached level 5!
You have reached level 6!
You have reached level 7!
You slash the vampire!
The vampire is moderately damaged.
You hit the vampire but do no damage. You headbutt the vampire!
The vampire is heavily damaged.
The vampire completely misses you. The vampire bites you.
* * * LOW HITPOINT WARNING * * *
The vampire draws strength from your injuries!
You hit the vampire.
The vampire is heavily damaged.
You barely miss the vampire. Your headbutt misses the vampire.
The vampire is heavily damaged.
You closely miss the vampire.
The vampire is heavily damaged.
The vampire draws life force from you!
You die... ▓▓▓▓▓▓▓▓▓▓▓▓▓▓▓▓▓▓▓▓▓▓▓▓▓ ________'.?).[[[@VhZOc... ▓▓▓▓▓▓▓▓▓▓▓▓▓▓▓▓▓▓▓▓▓▓▓▓▓

You could see a two-headed ogre, a vampire, a centaur, a howler monkey and a ball python zombie.

Vanquished Creatures
  A two-headed ogre (D)
  A howler monkey (D)
  A hound (D)
  A white imp (D)
  An orc (D)
  A bat zombie (D)
  2 goblins (D)
  A frilled lizard (D)
  2 rats (D)
11 creatures vanquished.

Notes
Turn   | Place    | Note
-------+----------+-------------------------------------------
     0 | D        | Zeld the Minotaur Berserker began the quest for the Orb.
     0 | D        | Reached XP level 1. HP: 19/19 MP: 0/0
    11 | D        | Reached ** piety under Trog
   220 | D        | Noticed a hound
   220 | D        | Noticed a howler monkey
   224 | D        | Reached *** piety under Trog
   225 | D        | Reached XP level 2. HP: 28/28 MP: 1/1
   227 | D        | Reached skill level 5 in Fighting
   227 | D        | Reached skill level 5 in Axes
   227 | D        | Reached XP level 3. HP: 37/37 MP: 2/2
   229 | D        | Reached XP level 4. HP: 45/45 MP: 3/3
   295 | D        | Found a snail-covered altar of Cheibriados.
   295 | D        | Found a shadowy altar of Dithmenos.
   295 | D        | Found a white marble altar of Elyvilon.
   295 | D        | Found a blossoming altar of Fedhas.
   295 | D        | Found an opulent altar of Gozag.
   350 | D        | Found a hazy altar of Hepliaklqana.
   400 | D        | Found a viscous altar of Jiyva.
   401 | D        | Found an ancient bone altar of Kikubaaqudgha.
   402 | D        | Found a corrupted altar of Lugonu.
   403 | D        | Found a burning altar of Makhleb.
   404 | D        | Found a sparkling altar of Nemelex Xobeh.
   405 | D        | Found an iron altar of Okawaru.
   406 | D        | Found a stormy altar of Qazlal.
   407 | D        | Found a sacrificial altar of Ru.
   408 | D        | Found a shimmering blue altar of Sif Muna.
   409 | D        | Found a bloodstained altar of Trog.
   410 | D        | Found a hide-covered altar of Uskayaw.
   411 | D        | Found a radiant altar of Vehumet.
   412 | D        | Found an ornate altar of the Wu Jian Council.
   413 | D        | Found a shimmering altar of Xom.
   414 | D        | Found a basalt altar of Yredelemnul.
   415 | D        | Found a glowing silver altar of Zin.
   416 | D        | Found a glowing golden altar of the Shining One.
   440 | D        | Noticed a two-headed ogre
   440 | D        | Noticed a vampire
   440 | D        | Noticed a centaur
   440 | D        | Noticed a two-headed ogre
   447 | D        | Killed a two-headed ogre
   447 | D        | Reached **** piety under Trog
   448 | D        | Reached XP level 5. HP: 13/61 MP: 4/4
   448 | D        | Reached XP level 6. HP: 15/68 MP: 5/5
   448 | D        | Reached XP level 7. HP: 16/74 MP: 6/6
   452 | D        | Killed from afar by a vampire

Illustrated notes

Levels and vault maps discovered:
D:        linesprint [early_d, line_temple, items_1, d_10, items_2, lair_1,
          lair_end, items_3, orc_1, orc_end, items_4, d_15, swamp_1, shoals_1,
          snake_1, spider_1, d_20, vaults_1, items_5, swamp_end, shoals_end,
          snake_end, spider_end, vaults_end, d_27, items_6, zot_1, zot_end,
          crypt_end, forest_end, elf_end, slime_end, tomb_end, abyss_end,
          pan_hell_end]

Skill      XL: |  1  2  3  4 |
---------------+-------------+-----
Fighting       | 4 5 6 11 | 11.5
Axes           | 4 5 6 11 | 11.7
Armour         | 3 4 8 |  8.1
Dodging        | 3 4 7 |  7.4

Action                   |  1- 3 |  4- 6 |  7- 9 || total
-------------------------+-------+-------+-------++-------
Melee: Hand axe          |    15 |     8 |     5 ||    28
       Headbutt          |     1 |     3 |     1 ||     5
Invok: Berserk           |     1 |     1 |       ||     2
Armor: Animal skin       |     2 |       |       ||     2
Dodge: Dodged            |     8 |     2 |     1 ||    11
